 Dungeon Crawl Stone Soup version 0.21-a0-361-g4efd3f9 (webtiles) character file.

19 Dfrag the Firebug (level 2, -1/19 HPs)
             Began as a Demonspawn Fire Elementalist on Oct 13, 2017.
             Slain by a hobgoblin
             ... wielding a +0 club
              (4 damage)
             ... on level 2 of the Dungeon.
             The game lasted 00:00:47 (940 turns).

Dfrag the Firebug (Demonspawn Fire Elementalist)     Turns: 940, Time: 00:00:47

Health: -1/19      AC:  2    Str:  8    XL:     2   Next: 55%
Magic:  0/5        EV: 12    Int: 16    God:
Gold:   124        SH:  0    Dex: 13    Spells: 4/5 levels left

rFire    . . .     SeeInvis .   (no weapon)
rCold    . . .     Gourm    .   (no shield)
rNeg     . . .     Faith    .   a - +0 robe
rPois    .         Spirit   .   (no helmet)
rElec    .         Reflect  .   (no cloak)
rCorr    .         Harm     .   (no gloves)
MR       .....                  (no boots)
Stlth    ++........             (no amulet)
HPRegen  0.06/turn              (no ring)
MPRegen  0.09/turn              (no ring)

@: very slightly contaminated
A: demonic guardian 1
a: no special abilities


You were on level 2 of the Dungeon.
You were not hungry.

You visited 1 branch of the dungeon, and saw 2 of its levels.

You collected 124 gold pieces.

Inventory:

Armour
 a - a +0 robe (worn)
Jewellery
 j - an uncursed ring of stealth {unknown}
 l - a cursed -2 ring of evasion {unknown}
Scrolls
 d - 2 scrolls of remove curse {unknown}
 f - 5 scrolls of identify {unknown}
 g - a scroll of fog {unknown}
 i - a scroll of immolation {unknown}
 n - 3 scrolls of fear {unknown}
Potions
 e - a potion of resistance {unknown}
 k - a potion of might {unknown}
 m - a potion of degeneration {unknown}
Books
 b - a book of Flames

   Spells                             Type                      Level
   a - Flame Tongue                   Conjuration/Fire             1
   b - Throw Flame                    Conjuration/Fire             2
   c - Conjure Flame                  Conjuration/Fire             3
   d - Inner Flame                    Hexes/Fire                   3
   e - Sticky Flame                   Conjuration/Fire             4
   f - Fireball                       Conjuration/Fire             5
Comestibles
 c - a bread ration
 h - 2 meat rations


   Skills:
 - Level 1.7 Dodging
 - Level 1.7 Stealth
 + Level 2.3 Spellcasting
 + Level 1.6 Conjurations
 + Level 3.0 Fire Magic


You had 4 spell levels left.
You knew the following spells:

 Your Spells              Type           Power        Failure   Level  Hunger
a - Flame Tongue          Conj/Fire      #....        8%          1    #......


Dungeon Overview and Level Annotations

Branches:
Dungeon (2/15)

Altars:


Innate Abilities, Weirdness & Mutations

A weak demonic guardian rushes to your aid.


Message History

The dart slug launches a dart at you. The slug dart misses you.
You hit the dart slug but do no damage.
The dart slug is heavily wounded.
Casting: Flame Tongue
Confirm with . or Enter, or press ? or * to list all spells.
Aiming: Flame Tongue
Press: ? - help, Shift-Dir - straight line, f/p - dart slug
Aim: a dart slug (heavily wounded, clinging)
The flame tongue hits the dart slug.
The dart slug is almost dead.
The dart slug launches a dart at you. The slug dart hits you!
* * * LOW HITPOINT WARNING * * *
The hobgoblin misses you.
A giant cockroach comes into view.
You hit the dart slug but do no damage.
The dart slug is almost dead.
The hobgoblin hits you with a club.
You die...

#.#
######.##
.........###
...........#
#####....#.#
#.#s##.#
#.#>...#
#.###..# #.
#.@# #wg#
#..# ....
#####


You could see a dart slug, a giant cockroach and a hobgoblin.

Vanquished Creatures
  A leopard gecko (D:1)
  A goblin (D:1)
  5 hobgoblins
  A ball python (D:1)
  2 bats
  3 kobolds
  5 rats (D:1)
18 creatures vanquished.

Notes
Turn   | Place    | Note
-------+----------+-------------------------------------------
     0 | D:1      | Dfrag the Demonspawn Fire Elementalist began the quest for the Orb.
     0 | D:1      | Reached XP level 1. HP: 13/13 MP: 3/3
   278 | D:1      | Gained mutation: A weak demonic guardian rushes to your aid. [demonic ancestry]
   278 | D:1      | Reached XP level 2. HP: 17/19 MP: 3/5
   814 | D:2      | Reached skill level 3 in Fire Magic
   940 | D:2      | Slain by a hobgoblin

Vault maps used:
D:1:      minmay_arrival_five_plusses, serial_bayou_crossing
D:2:      corexii_corridor_pit, nemelex_xobeh_ov_fountains_minmay

Skill      XL: |  1  2 |
---------------+-------+-----
Fire Magic     | 3 |  3.0
Dodging        | |  1.7
Stealth        | |  1.7
Spellcasting   | |  2.3
Conjurations   | |  1.6

Action                   || total
-------------------------++-------
Melee: Unarmed           ||    18
 Cast: Flame Tongue      ||    27
Armor: Robe              ||     5
Dodge: Dodged            ||    20

Table legend:
 A = Spawn XP
 B = Non-spawn XP
 C = Spawn XP percentage of total XP
 D = Spawn monster count
 E = Non-spawn monster count
 F = Spawn count percentage of total count
 G = Total turns spent on level
                    A         B        C        D         E        F      G
               +---------+---------+-------+---------+---------+-------+---------
         Total |       0 |      28 |   0.0 |       0 |      18 |   0.0 |   940
               +---------+---------+-------+---------+---------+-------+---------
           D:1 |       0 |      17 |   0.0 |       0 |      12 |   0.0 |   811
           D:2 |       0 |      11 |   0.0 |       0 |       6 |   0.0 |   129
               +---------+---------+-------+---------+---------+-------+---------
